 Dungeon Crawl Stone Soup version 0.26.0-20-g3ca415f5b8 (webtiles) character file.

Game seed: 9709655258278974393

133 teolandon225 the Sneak (level 4, -2/21 HPs)
             Began as a Spriggan Enchanter on Jan 25, 2021.
             Slain by Grinder (5 damage)
             ... while paralysed by Grinder
             ... on level 2 of the Dungeon.
             The game lasted 00:05:15 (2597 turns).

teolandon225 the Sneak (Spriggan Enchanter)         Turns: 2597, Time: 00:05:16

Health: -2/21      AC:  2    Str:  4    XL:     4   Next: 94%
Magic:  6/9        EV:  4    Int: 17    God:
Gold:   66         SH:  0    Dex: 16    Spells: 2/8 levels left

rFire    . . .     SeeInvis +   a - +1 dagger
rCold    . . .     Faith    .   (shield restricted)
rNeg     . . .     Spirit   .   c - +0 robe
rPois    .         Reflect  .   (helmet restricted)
rElec    .         Harm     .   (no cloak)
rCorr    .         Rampage  .   (gloves unavailable)
Will     .....                  (boots unavailable)
Stlth    +++.......             (no amulet)
HPRegen  0.07/turn              (no ring)
MPRegen  0.11/turn              (no ring)

@: paralysed, confusing touch, very quick
A: very small, unfitting armour, see invisible, speed 3
a: no special abilities


You were on level 2 of the Dungeon.
You visited 1 branch of the dungeon, and saw 3 of its levels.

You collected 66 gold pieces.

Inventory:

Hand Weapons
 a - a +1 dagger (weapon)
 b - a +2 vorpal hunting sling
Missiles
 g - 9 stones (quivered)
Armour
 c - a +0 robe (worn)
Jewellery
 i - an uncursed amulet of guardian spirit {unknown}
 j - an uncursed ring of flight {unknown}
Scrolls
 d - 4 scrolls of identify {unknown}
 e - a scroll of teleportation {unknown}
 f - 2 scrolls of random uselessness {unknown}
 h - 2 scrolls of fear {unknown}
 k - a scroll of magic mapping {unknown}
 m - a scroll of enchant armour {unknown}
Potions
 l - a potion of heal wounds {unknown}


   Skills:
 - Level 1.1 Short Blades
 + Level 1.9 Slings
 + Level 4.1 Dodging
 * Level 6.2 Stealth
 - Level 2.6 Spellcasting
 * Level 4.9 Hexes


You had 2 spell levels left.
You knew the following spells:

 Your Spells              Type           Power        Failure   Level
q - Ensorcelled Hibernat  Hex/Ice        20%          10%         2
r - Corona                Hex            21%          2%          1
w - Confusing Touch       Hex            19%          7%          3

Your spell library contained the following spells:

 Spells                   Type           Power        Failure   Level
 Tukima's Dance           Hex            19%          7%          3
 Dazzling Flash           Conj/Hex       20%          21%         3


Dungeon Overview and Level Annotations

Branches:
Dungeon (3/15)

Altars:
Trog

Annotations:
D:1 exclusion: downstairs
D:2 exclusion: downstairs, Grinder
D:3 Robin, Sigmund


Innate Abilities, Weirdness & Mutations

You are very small and have problems with some larger weapons.
You are too small for most types of armour.
You have supernaturally acute eyesight. (SInv)
You cover ground extremely quickly.


Message History

Unknown command.
Unknown command.
Unknown command.
Unknown command.
Casting: Ensorcelled Hibernation (safe; 10% risk of failure)
Confirm with . or Enter, or press ? or * to list all spells.
The spell is quite dangerous to cast (7% risk of failure)!
Continue anyway? [Y]es or [N]o only, please.
The spell is quite dangerous to cast (7% risk of failure)!
Continue anyway?
Casting: Confusing Touch (quite dangerous; 7% risk of failure)
Press: ? - help, Dir - look around, f - activate Your hands begin to glow red.
Grinder hits you but does no damage.
You barely miss Grinder. Grinder gestures at you.
You suddenly lose the ability to move!
Grinder gestures at you. Pain shoots through your body!
* * * LOW HITPOINT WARNING * * *
Grinder hits you.
You die...

##..#.#### #.#####.........#
#..##.# #####.##.##.........#
..###.####.......>...........#
..÷.........).....##.........#
#####....#####.##.....<).....#
###...########.##.##.).......#
#...#........#....##.........#
#†##########.#....############
..# ####.......@5#
..####....###...#.#
....#..#### ###...# #.....##
#...# ##...##########...#
......#.........###
###.#...........#
#..#.........## ##.#.........#


You could see Grinder (fast).

Vanquished Creatures
  Natasha (thrice) (D:2)
  A gnoll (D:1)
  A worm (D:2)
  2 giant cockroaches
  9 goblins
  7 hobgoblins
  2 jackals (D:1)
  A quokka (D:3)
  A ball python (D:1)
  6 bats
  2 frilled lizards (D:1)
  5 kobolds (D:1)
  6 rats
46 creatures vanquished.

Notes
Turn   | Place    | Note
-------+----------+-------------------------------------------
     0 | D:1      | teolandon225 the Spriggan Enchanter began the quest for the
                  | Orb.
     0 | D:1      | Reached XP level 1. HP: 9/9 MP: 5/5
   328 | D:1      | Reached XP level 2. HP: 13/13 MP: 2/6
   341 | D:1      | Learned a level 2 spell: Ensorcelled Hibernation
   514 | D:1      | Reached skill level 5 in Stealth
   776 | D:1      | Reached skill level 1 in Slings
   804 | D:1      | Reached XP level 3. HP: 10/16 MP: 1/8
   808 | D:1      | Learned a level 3 spell: Confusing Touch
  1380 | D:2      | Noticed Natasha
  1618 | D:2      | Found a bloodstained altar of Trog.
  1685 | D:2      | Killed Natasha
  1686 | D:2      | Reached XP level 4. HP: 21/21 MP: 4/9
  1718 | D:2      | Noticed Natasha
  1726 | D:2      | Killed Natasha
  1744 | D:2      | Noticed Natasha
  1751 | D:2      | Killed Natasha
  1752 | D:2      | Reached skill level 6 in Stealth
  1983 | D:3      | Noticed Robin
  2556 | D:3      | Noticed Sigmund
  2579 | D:3      | Noticed Grinder
  2583 | D:3      | Paralysed by Grinder for 7 turns
  2596 | D:2      | Paralysed by Grinder for 3 turns
  2597 | D:2      | Slain by Grinder

Illustrated notes

Levels and vault maps discovered:
D:1:      psy_arrival_radial01, layout_basic
D:2:      layout_rooms, lemuel_round_altar, uniq_natasha
D:3:      layout_basic, hangedman_decor_diamond_cutter, minmay_unequal,
          uniq_sigmund, uniq_robin, uniq_crazy_yiuf_cottage, uniq_grinder

Skill      XL: |  1  2  3  4 |
---------------+-------------+-----
Stealth        | 5 6 |  6.2
Hexes          | 4 |  4.9
Slings         | 1 |  1.9
Dodging        | 4 |  4.1
Short Blades   | |  1.1
Spellcasting   | |  2.6

Action                   |  1- 3 |  4- 6 || total
-------------------------+-------+-------++-------
Melee: Dagger            |    69 |    12 ||    81
 Fire: Hunting sling     |    16 |       ||    16
 Cast: Corona            |     7 |       ||     7
       Ensorcelled Hiber |    20 |    13 ||    33
       Confusing Touch   |       |     1 ||     1
 Stab: Sleeping          |    18 |    10 ||    28
       Distracted        |     2 |       ||     2
Armor: Robe              |     9 |     3 ||    12
Dodge: Dodged            |    69 |    24 ||    93
